 Dungeon Crawl Stone Soup version 0.31-a0-1236-gaa9e43cceb (webtiles) character file.

Game seed: 7932068786428134428

10277 MacCMillion the Cleaver (level 11, -15/99 HPs)
             Began as a Minotaur Fighter on Dec 15, 2023.
             Was an Elder of Okawaru.
             Demolished by a shadow (31 damage)
             ... on level 10 of the Dungeon.
             The game lasted 00:16:54 (11266 turns).

MacCMillion the Cleaver (Minotaur Fighter)         Turns: 11266, Time: 00:16:54

Health: -15/99     AC: 19    Str: 24    XL:     11   Next: 34%
Magic:  14/14      EV:  7    Int:  5    God:    Okawaru [****..]
Gold:   667        SH:  5    Dex: 11    Spells: 10/10 levels left

rFire   . . .        a - +1 war axe
rCold   . . .        c - +0 buckler
rNeg    . . .        C - +2 plate armour {rPois}
rPois   +            (helmet restricted)
rElec   .            u - +0 cloak
rCorr   .            (no gloves)
SInv    .            k - +0 pair of boots
Will    .....        (no amulet) Stlth
                     (no ring)
HPRegen 0.36/turn    (no ring)
MPRegen 0.14/turn

%: no passive effects
@: no status effects
A: horns 2, retaliatory headbutt
a: Renounce Religion, Heroism, Finesse


You were on level 10 of the Dungeon.
You worshipped Okawaru.
Okawaru was greatly pleased with you.
You visited 2 branches of the dungeon, and saw 11 of its levels.
You also visited: Sewer and Ossuary.

You collected 667 gold pieces.

Inventory:

Hand Weapons
 a - a +1 war axe (weapon)
Missiles
 B - a throwing net
 E - 11 boomerangs
 G - 14 poisoned darts (quivered)
Armour
 c - a +0 buckler (worn)
 k - a +0 pair of boots (worn)
 m - a scarf of shadows
 u - a +0 cloak (worn)
 C - a +2 plate armour of poison resistance (worn)
 I - a +0 kite shield
Jewellery
 K - a ring of flight
Wands
 z - a wand of paralysis (3)
 F - a wand of polymorph (12)
 H - a wand of digging (2)
Scrolls
 b - 2 scrolls of immolation
 e - 2 scrolls of fog
 f - 6 scrolls of enchant weapon
 g - a scroll of poison
 h - 3 scrolls of blinking
 l - a scroll of fear
 p - 6 scrolls of teleportation
 r - 2 scrolls of silence {unknown}
 v - 3 scrolls of vulnerability {unknown}
 x - a scroll of brand weapon
 y - a scroll of amnesia
 A - a scroll of enchant armour {unknown}
 J - a scroll of torment {unknown}
 L - a scroll of identify
Potions
 d - a potion of might
 i - 4 potions of mutation
 j - 5 potions of haste
 n - 2 potions of lignification
 o - 9 potions of heal wounds
 q - 3 potions of attraction
 s - 5 potions of curing
 t - 7 potions of enlightenment
 w - 4 potions of invisibility
 D - a potion of brilliance


   Skills:
 - Level 10.0 Fighting
 + Level 14.1 Axes
 - Level 10.0 Armour
 - Level 1.0 Dodging
 + Level 7.3 Shields
 + Level 5.9 Invocations


You had 10 spell levels left.
You didn't know any spells.
Your spell library contained the following spells:

 Spells                   Type           Power      Damage    Failure   Level
 Foxfire                  Conj/Fire      0%         2x1d4     100%        1
 Poisonous Vapours        Pois/Air       0%         N/A       100%        2
 Static Discharge         Conj/Air       0%         3-3/arc   100%        2
 Mephitic Cloud           Conj/Pois/Air  0%         N/A       100%        3
 Sigil of Binding         Hex            0%         N/A       100%        3
 Airstrike                Air            0%         2d(0-16)  100%        4
 Cause Fear               Hex            0%         N/A       100%        4
 Dimensional Bullseye     Hex/Tloc       0%         N/A       100%        4
 Iskenderun's Mystic Bla  Conj/Tloc      0%         2d3       100%        4
 Leda's Liquefaction      Hex/Erth       0%         N/A       100%        4
 Passage of Golubria      Tloc           0%         N/A       100%        4
 Fireball                 Conj/Fire      0%         3d3       100%        5
 Freezing Cloud           Conj/Ice/Air   0%         6-21      100%        5
 Silence                  Hex/Air        0%         N/A       100%        5
 Plasma Beam              Fire/Air       0%         2x1d10    100%        6
 Starburst                Conj/Fire      0%         6d3       100%        6
 Lehudib's Crystal Spear  Conj/Erth      0%         10d2      100%        8
 Call Canine Familiar     Summ           Unusable   N/A       N/A         3
 Tukima's Dance           Hex            Unusable   N/A       N/A         3
 Summon Lightning Spire   Summ/Air       Unusable   N/A       N/A         4
 Dragon's Call            Summ           Unusable   N/A       N/A         9

Dungeon Overview and Level Annotations

Branches:
Dungeon (10/15)            Temple (1/1) D:7            Lair (0/5) D:10
    Orc (0/2) D:9           Sewer (visited)         Ossuary (visited)

Altars:
Ashenzari
Cheibriados
Dithmenos
Elyvilon
Fedhas
Gozag
Hepliaklqana
Kikubaaqudgha
Makhleb
Nemelex Xobeh
Okawaru
Qazlal
Ru
Sif Muna
Trog
Uskayaw
Vehumet
Wu Jian
Xom
Yredelemnul
Zin
The Shining One

Shops:
D:2 (

Annotations:
D:7 exclusion: oklob plant
D:9 3 runed translucent doors, kskgo's ghost, journeyman DjFE


Innate Abilities, Weirdness & Mutations

You have a pair of horns on your head.
You reflexively headbutt those who attack you in melee.


Message History

You headbutt the orc warrior, but do no damage.
The orc warrior is severely wounded.
The shadow slips into darkness.
The shadow flickers and vanishes!
Deactivating autopickup; reactivate with Ctrl-A.
You block the orc warrior's attack.
You hit the orc warrior.
You headbutt the orc warrior, but do no damage.
The orc warrior is severely wounded.
You block the orc warrior's attack.
You closely miss the orc warrior.
The orc warrior is severely wounded.
The orc warrior hits you with a +0 short sword.
You slice the orc warrior!!
You kill the orc warrior!
Okawaru accepts your kill.
You are no longer corroded.
The shadow strikes at you from the darkness!
* * * LOW HITPOINT WARNING * * *
Reactivating autopickup.
The acid dragon closely misses you.
The acid dragon claws you but does no damage.
There is an open door, spattered with blood here.
Items here: ) [[ †.
You slash the shadow! Your headbutt misses the shadow.
The shadow is severely damaged.
You hit the acid dragon. The shadow hits you.
You block the acid dragon's attack. x2
You closely miss the shadow.
The shadow is severely damaged.
You barely miss the acid dragon.
The shadow slips into darkness.
The shadow flickers and vanishes!
Deactivating autopickup; reactivate with Ctrl-A.
The acid dragon spits acid at you. The splash of acid hits you!
* * * LOW HITPOINT WARNING * * *
You hit something but do no damage. You hit the acid dragon.
The shadow strikes at you from the darkness!
You die...

..# #.# ## #.###...#. ..#
#.# #.# ##..#. ..# #.###
## #'# ###)###. ..# .. ..
##.##.....#. ...# #.
.###. #.##.##.#. .#.. +#.
.#'. .'## ##'. #..#..#.#
#.##.##. #D{.# #.##
.....#.
#.###@#####'#####'###.
#..................[..
........#################
#########


You could see an acid dragon (catching breath).

Vanquished Creatures
  A two-headed ogre (D:8)
  2 deep elf pyromancers (D:10)
  A rust devil (D:8)
  A smoke demon (D:9)
  A komodo dragon (D:10)
  A freezing wraith (D:10)
  A red devil (D:9)
  2 trolls
  A hornet (D:9)
  A slime creature (D:10)
  A shadow (D:10)
  A wraith (D:10)
  11 yaks
  Eustachio (D:5)
  3 steam dragons
  2 acid dragons
  A black bear (D:6)
  3 orc warriors
  3 ice beasts
  5 sky beasts
  2 crocodiles (Sewer)
  An ogre (D:6)
  3 phantoms
  6 centaurs
  4 kobold brigands
  2 bullfrogs (D:8)
  2 gnoll sergeants
  4 killer bees
  2 howler monkeys
  2 centaur zombies (Ossuary)
  6 jellies
  Crazy Yiuf (D:4)
  7 orc priests
  3 hounds
  2 sleepcaps
  Jessica (D:2)
  8 orc wizards
  2 iguanas (D:6)
  A sickly merfolk siren (Sewer)
  A malarious merfolk avatar (Sewer)
  5 mummies
  9 gnolls
  11 adders
  2 white imps
  2 ufetubi (D:5)
  5 worms
  4 dart slugs
  39 orcs
  12 ball pythons
  3 bats
  18 endoplasms
  2 giant cockroaches
  5 goblins
  3 hobgoblins
  4 quokkas
  3 frilled lizards (Sewer)
  2 goblin zombies (D:7)
  3 hobgoblin zombies (Ossuary)
  15 kobolds
  A kobold zombie (Ossuary)
  2 orc zombies (Ossuary)
  44 rats
297 creatures vanquished.

Notes
Turn   | Place    | Note
-------+----------+-------------------------------------------
     0 | D:1      | MacCMillion the Minotaur Fighter began the quest for the
                  | Orb.
     0 | D:1      | Reached XP level 1. HP: 19/19 MP: 0/0
   227 | D:1      | Reached skill level 3 in Axes
   227 | D:1      | Reached XP level 2. HP: 24/26 MP: 1/1
   400 | D:1      | Found a faded altar of an unknown god.
   914 | D:2      | Reached skill level 4 in Axes
   914 | D:2      | Reached XP level 3. HP: 29/31 MP: 2/2
  1208 | D:2      | Found a shimmering blue altar of Sif Muna.
  1215 | D:2      | Found Paphal's Weapon Boutique.
  1328 | D:2      | Reached skill level 5 in Axes
  1328 | D:2      | Reached XP level 4. HP: 39/39 MP: 3/3
  1422 | D:2      | Noticed Jessica
  1423 | D:2      | Killed Jessica
  1837 | D:3      | Reached skill level 6 in Axes
  1881 | D:3      | Reached XP level 5. HP: 45/45 MP: 4/4
  2375 | D:4      | Reached skill level 7 in Axes
  2440 | D:4      | Reached XP level 6. HP: 43/51 MP: 5/5
  2661 | D:4      | Found a runed translucent door.
  2662 | D:4      | Noticed Crazy Yiuf
  2743 | D:4      | Found a shimmering altar of Xom.
  2743 | D:4      | Found a shimmering altar of Xom.
  2765 | D:4      | Found a shimmering altar of Xom.
  2974 | D:4      | Killed Crazy Yiuf
  3038 | D:5      | Entered Level 5 of the Dungeon
  3049 | D:5      | Reached skill level 8 in Axes
  3232 | D:5      | Noticed Eustachio
  3244 | D:5      | Killed Eustachio
  3245 | D:5      | Reached skill level 9 in Axes
  3245 | D:5      | Reached XP level 7. HP: 48/57 MP: 6/6
  3372 | D:5      | Found a glowing drain.
  3384 | Sewer    | Entered a sewer
  3594 | Sewer    | Reached skill level 10 in Axes
  3635 | Sewer    | Reached skill level 1 in Dodging
  4306 | D:6      | Reached XP level 8. HP: 41/67 MP: 7/7
  4550 | D:6      | Reached skill level 5 in Fighting
  4550 | D:6      | Reached skill level 5 in Armour
  4835 | D:6      | Reached skill level 11 in Axes
  4856 | D:6      | Reached XP level 9. HP: 57/79 MP: 8/8
  5307 | D:7      | Found a sand-covered staircase.
  5313 | Ossuary  | Entered an ossuary
  5698 | D:7      | Reached skill level 12 in Axes
  6276 | D:7      | Found a staircase to the Ecumenical Temple.
  6288 | Temple   | Entered the Ecumenical Temple
  6299 | Temple   | Became a worshipper of Warmaster Okawaru
  6517 | D:7      | Noticed an oklob plant
  6553 | D:7      | Reached skill level 1 in Invocations
  6880 | D:8      | Noticed a two-headed ogre
  6902 | D:8      | Killed a two-headed ogre
  6902 | D:8      | Reached * piety under Okawaru
  6903 | D:8      | Reached XP level 10. HP: 90/90 MP: 10/10
  8068 | D:9      | Found a runed translucent gate.
  8103 | D:9      | Found a staircase to the Orcish Mines.
  8143 | D:9      | Noticed a rust devil
  8145 | D:9      | Noticed a smoke demon
  8174 | D:9      | Noticed kskgo's ghost (journeyman DjFE)
  8182 | D:9      | Reached skill level 13 in Axes
  8515 | D:9      | Found a runed translucent gate.
  8515 | D:9      | Found a runed translucent gate.
  8875 | D:8      | Killed a rust devil
  9116 | D:9      | Killed a smoke demon
  9116 | D:9      | Reached ** piety under Okawaru
  9117 | D:9      | Reached skill level 5 in Shields
  9369 | D:9      | Reached skill level 10 in Fighting
  9373 | D:9      | Reached skill level 10 in Armour
  9674 | D:10     | Entered Level 10 of the Dungeon
  9674 | D:10     | Found a staircase to the Lair.
  9763 | D:9      | Reached *** piety under Okawaru
 10153 | D:10     | Noticed a deep elf pyromancer
 10163 | D:10     | Noticed an arcanist
 10171 | D:10     | Reached XP level 11. HP: 10/99 MP: 13/13
 10171 | D:10     | Killed a deep elf pyromancer
 10172 | D:10     | Reached skill level 5 in Invocations
 10772 | D:10     | Identified the amulet of the Shrieking God {-Cast rC+ rN+
                  | Regen+ Str+3 Stlth+}
 10772 | D:10     | Noticed a death knight
 10857 | D:10     | Identified the +0 mace of Annihilation {drain, rElec Int+2
                  | Dex-5}
 10927 | D:10     | Noticed a deep elf pyromancer
 10946 | D:10     | Killed a deep elf pyromancer
 11062 | D:10     | Reached skill level 14 in Axes
 11140 | D:10     | Reached **** piety under Okawaru
 11266 | D:10     | Demolished by a shadow

Illustrated notes

Levels and vault maps discovered:
D:1:      kilobyte_arrival_exit_the_forest, layout_loops_cross, serial_aquarium,
          aquarium_bridge_straight [aquarium_subvault_bridge,
          aquarium_subvault_wall, aquarium_subvault_bridge,
          aquarium_subvault_window], aquarium_bridge_island_small
          [aquarium_subvault_small_water, aquarium_subvault_bridge,
          aquarium_subvault_wall, aquarium_subvault_window,
          aquarium_subvault_wall], aquarium_window_2, aquarium_window_1,
          aquarium_window_1, aquarium_view_2c, aquarium_pool_2,
          basic_ecumenical_altar, st_stairs_5
D:2:      layout_basic, serial_shops, shop, basic_altar, minmay_tetromino_s4,
          uniq_jessica
D:3:      layout_rooms
D:4:      layout_loops_ring, xom_redecorated, minmay_hedge_maze,
          uniq_crazy_yiuf_cottage
D:5:      layout_loops_ring, portal_sewer_entry_d,
          hangedman_abyss_or_decor_stabs, uniq_eustachio
D:6:      layout_loops_ring
D:7:      lemuel_slime, layout_cave_pools, minmay_temple_entry_mini_moons,
          nicolae_ossuary_entry_giza, hangedman_misty_isle
D:8:      layout_basic, grunt_ministairs_6, st_stairs_4,
          small_statue_intersection
D:9:      layout_basic, orc_0_dummy, gammafunk_ghost_icy,
          nicolae_where_there's_smoke
D:10:     minmay_the_grid_square_5x5_3x3 [minmay_the_grid_square_5x5_fat_x,
          minmay_the_grid_square_5x5_slash, minmay_the_grid_square_5x5_n,
          minmay_the_grid_square_5x5_two_walls_a,
          minmay_the_grid_square_5x5_megaprize_checkered,
          minmay_the_grid_square_5x5_n_small, minmay_the_grid_square_5x5_forky,
          minmay_the_grid_square_5x5_beaten_path,
          minmay_the_grid_square_5x5_misaligned], layout_basic, lair_entry_dummy
Temple:   compressed_dpeg_triangle_lava_temple

Skill      XL: |  1  2  3  4  5  6  7  8  9 10 11 |
---------------+----------------------------------+-----
Axes           | 3 4 5 6 7 9 10 11 12 13 14 | 14.1
Shields        | 4 6 7 |  7.3
Fighting       | 4 7 8 10 | 10.0
Armour         | 4 6 8 10 | 10.0
Dodging        | 1 |  1.0
Invocations    | 2 4 5 |  5.9

Action                     |  1- 3 |  4- 6 |  7- 9 | 10-12 || total
---------------------------+-------+-------+-------+-------++-------
  Melee: War axe           |    62 |   147 |   341 |   340 ||   890
         Headbutt          |    10 |    26 |    61 |    76 ||   173
  Throw: Boomerang         |       |       |       |     3 ||     3
         Dart              |       |       |       |     2 ||     2
 Invoke: Heroism           |       |       |       |     3 ||     3
  Evoke: Wand              |       |       |     3 |       ||     3
    Use: Scroll            |       |     6 |     1 |     9 ||    16
   Stab: Paralysed         |       |       |     6 |       ||     6
 Armour: Scale mail        |    41 |     6 |       |       ||    47
         Chain mail        |       |    87 |   112 |       ||   199
         Plate armour      |       |       |   110 |   327 ||   437
  Dodge: Dodged            |    24 |    44 |    77 |    89 ||   234
  Block: Buckler           |    10 |    28 |    47 |    76 ||   161

Table legend: (Time is in decaauts)
 A = Elapsed time spent in this place.
 B = Non-inter-level travel time spent in this place.
 C = Inter-level travel time spent in this place.
 D = Time resting spent in this place.
 E = Time spent auto-exploring this place.
 F = Levels seen in this place.
 G = Mean time per level.
                   A        B        C        D        E       F      G
               +--------+--------+--------+--------+--------+-----+--------+
         Total |  11341 |  10873 |    468 |   2504 |   6056 |  13 |  872.4 |
       Dungeon |  10477 |  10017 |    460 |   2301 |   5756 |  10 | 1047.7 |
        Temple |     20 |     12 |      8 |      0 |      0 |   1 |   20.0 |
         Sewer |    486 |    486 |      0 |     45 |    166 |   1 |  486.0 |
       Ossuary |    357 |    357 |      0 |    158 |    134 |   1 |  357.0 |
               +--------+--------+--------+--------+--------+-----+--------+

Top non-repeatable levels by time:
     D:9: 1993 daAuts
     D:8: 1465 daAuts
     D:7: 1233 daAuts
     D:6: 1058 daAuts
     D:1: 972 daAuts
    D:10: 893 daAuts
     D:4: 836 daAuts
     D:2: 822 daAuts
     D:5: 746 daAuts
   Sewer: 486 daAuts
     D:3: 455 daAuts
 Ossuary: 357 daAuts
  Temple: 20 daAuts
